 Dungeon Crawl Stone Soup version 0.31.0-2-g5a2aebc5c2 (webtiles) character file.

Game seed: 11736256101344498788

2898690 Implojin the Sensei (level 26, 244/244 HPs)
             Began as an Armataur Hexslinger on Jan 20, 2024.
             Was an Elder of Zin.
             Escaped with the Orb
             ... and 5 runes
             ... and 1 gem (intact)!
             The game lasted 04:17:53 (81994 turns).

Implojin the Sensei (Armataur Hexslinger)          Turns: 81994, Time: 04:17:54

Health: 244/244    AC: 32    Str: 27    XL:     26   Next: 16%
Magic:  32/32      EV: 17    Int: 20    God:    Zin [****..]
Gold:   1969       SH: 28    Dex: 19    Spells: 27/27 levels left

rFire   + +          +
                       - Unarmed
rCold   + . .        N - +5 tower shield of Plog {^Drain +Blink rElec Int+7}
rNeg    . . .        J - +3 ring mail of Starshine {rPois Will+ Str+5 Stlth+}
rPois   +            D - +0 helmet of Impatience {rF+}
rElec   +            W - +1 cloak of Soreg {rF+ rC+ rCorr Int-5}
rCorr   +            v - +1 pair of gloves "Soesm" {Str+3 Slay+4}
SInv    .            e - +4 barding
Will    +++..        s - amulet of the Bright God {Regen+ rCorr}
Stlth   +++          l - ring of willpower
HPRegen 1.40/turn    G - ring "Avaow" {+Blink rF+ Int+4}
MPRegen 0.23/turn

%: roll
@: studying 3 skills
A: large, deformed body, tough skin 3, armoured tail, roll 2, persistent drain
0: Orb of Zot
}: 5/15 runes: barnacled, slimy, silver, abyssal, gossamer
a: Renounce Religion, Evoke Blink, Recite, Vitalisation, Imprison, Donate Gold


You escaped.
You worshipped Zin.
Zin was greatly pleased with you.
You visited 9 branches of the dungeon, and saw 49 of its levels.
You visited the Abyss 1 time.
You also visited: Gauntlet.

You collected 9004 gold pieces.
You spent 6560 gold pieces at shops.
You donated 475 gold pieces to Zin.

Inventory:

Missiles
 f - 41 boomerangs (quivered)
 h - 6 throwing nets
 m - 10 curare-tipped darts
 p - 3 darts of dispersal
 q - 4 poisoned darts
 r - 8 datura-tipped darts
 t - 18 javelins
 H - 11 atropa-tipped darts
 S - 27 silver javelins
Armour
 e - a +4 barding (worn)
 o - the +2 hood of the Assassin {Detect Stab+ Stlth++}
   (You found it on level 2 of the Vaults)

   Detect:    It allows the wearer to sense nearby creatures.
   Stab+:     It allows the wearer to make particularly effective stabbing
   attacks against helpless or unaware enemies with any weapon.
   Stlth++:   It makes you much more stealthy.
 v - the +1 pair of gloves "Soesm" (worn) {Str+3 Slay+4}
   (You found it on level 13 of the Dungeon)

   Str+3:     It affects your strength (+3).
   Slay+4:    It affects your accuracy & damage with ranged weapons and melee
   (+4).
 D - the +0 helmet of Impatience (worn) {rF+}
   (You found it on level 5 of the Vaults)

   rF+:       It protects you from fire.
 J - the +3 ring mail of Starshine (worn) {rPois Will+ Str+5 Stlth+}
   (You found it on level 4 of the Shoals)

   Str+5:     It affects your strength (+5).
   rPois:     It protects you from poison Will+: It increases your willpower.
   Stlth+:    It makes you more stealthy.
 N - the +5 tower shield of Plog (worn) {^Drain +Blink rElec Int+7}
   (You acquired it on level 1 of the Orcish Mines)

   Int+7:     It affects your intelligence (+7).
   rElec:     It insulates you from electricity.
   +Blink:    It lets you blink.
   ^Drain:    It drains your maximum health when unequipped.
 W - the +1 cloak of Soreg (worn) {rF+ rC+ rCorr Int-5}
   (You bought it in a shop on level 2 of the Orcish Mines)

   Int-5:     It affects your intelligence (-5).
   rF+:       It protects you from fire.
   rC+:       It protects you from cold.
   rCorr:     It protects you from acid and corrosion.
Jewellery
 c - the ring "Zydahil" {AC+4 SInv Stlth+}
   (You found it on level 2 of the Realm of Zot)

   [ring of protection]

   AC+4:      It affects your AC (+4).
   SInv:      It lets you see invisible.
   Stlth+:    It makes you more stealthy.
 l - a ring of willpower (left hand)
 s - the amulet of the Bright God (around neck) {Regen+ rCorr}
   (You found it on level 5 of the Pits of Slime)

   [amulet of regeneration]

   Regen+:    It increases your rate of health regeneration.
   rCorr:     It protects you from acid and corrosion.
 A - a +6 ring of dexterity
 B - a ring of poison resistance
 G - the ring "Avaow" (right hand) {+Blink rF+ Int+4}
   (You found it in a Gauntlet)

   [ring of protection from fire]

   Int+4:     It affects your intelligence (+4).
   rF+:       It protects you from fire.
   +Blink:    It lets you blink.
 R - a ring of see invisible
 Z - a ring of flight
Wands
 i - a wand of light (31)
 X - a wand of digging (21)
Scrolls
 b - 2 scrolls of silence
 g - 9 scrolls of poison
 k - 3 scrolls of summoning
 n - 8 scrolls of fog
 x - 3 scrolls of enchant armour
 y - 2 scrolls of fear
 I - 16 scrolls of teleportation
 M - 2 scrolls of immolation
 P - 8 scrolls of vulnerability
Potions
 a - 6 potions of magic
 d - 4 potions of invisibility
 u - 13 potions of heal wounds
 z - 10 potions of attraction
 C - 3 potions of berserk rage
 E - 16 potions of curing
 F - a potion of haste
 K - 3 potions of cancellation
 L - 2 potions of resistance
 O - 6 potions of mutation
 Q - 8 potions of ambrosia
 T - a potion of might
 U - 6 potions of enlightenment
Miscellaneous
 w - a phantom mirror
 V - a condenser vane
 Y - a phial of floods


   Skills:
 - Level 21.0 Fighting
 - Level 2.0 Ranged Weapons
 - Level 7.0 Throwing
 - Level 20.0 Armour
 - Level 17.0 Dodging
 - Level 17.3 Stealth
 - Level 20.0 Shields
 * Level 23.8 Unarmed Combat
 - Level 1.0 Spellcasting
 - Level 2.6 Hexes
 - Level 0.8 Fire Magic
 - Level 12.0 Invocations
 - Level 5.0 Evocations


You had 27 spell levels left.
You didn't know any spells.
Your spell library contained the following spells:

 Spells                   Type           Power      Damage    Failure   Level
 Jinxbite                 Hex            22%        N/A       17%         2
 Magic Dart               Conj           4%         1d3       34%         1
 Necrotise                Necr           4%         1d4       34%         1
 Sandblast                Erth           2%         2d4       34%         1
 Sting                    Conj/Alch      4%         1d3       34%         1
 Sigil of Binding         Hex            11%        N/A       34%         3
 Tukima's Dance           Hex            11%        N/A       34%         3
 Scorch                   Fire           8%         2d5       36%         2
 Blink                    Tloc           2%         N/A       45%         2
 Call Imp                 Summ           2%         N/A       45%         2
 Mercury Vapours          Alch/Air       2%         N/A       45%         2
 Searing Ray              Conj           2%         2d4       45%         2
 Static Discharge         Conj/Air       2%         3-4/arc   45%         2
 Sublimation of Blood     Necr           1%         N/A       45%         2
 Inner Flame              Hex/Fire       8%         N/A       45%         3
 Dazzling Flash           Conj/Hex       12%        N/A       52%         3
 Volatile Blastmotes      Fire/Tloc      4%         2d10      65%         3
 Frozen Ramparts          Ice            2%         1d1       71%         3
 Gell's Gravitas          Tloc           1%         N/A       71%         3
 Hailstorm                Conj/Ice       1%         3d5       71%         3
 Ozocubu's Armour         Ice            1%         N/A       71%         3
 Passwall                 Erth           1%         N/A       71%         3
 Stone Arrow              Conj/Erth      2%         3d7       71%         3
 Summon Ice Beast         Ice/Summ       1%         N/A       71%         3
 Teleport Other           Tloc           1%         N/A       71%         3
 Cause Fear               Hex            5%         N/A       75%         4
 Dimensional Bullseye     Hex/Tloc       3%         N/A       89%         4
 Flame Wave               Conj/Fire      2%         2d4       96%         4
 Sticky Flame             Fire/Alch      2%         2d4       96%         4
 Animate Dead             Necr           1%         N/A       98%         4
 Brom's Barrelling Bould  Conj/Erth      1%         2d3       98%         4
 Fulminant Prism          Conj/Alch      0%         3d5       98%         4
 Iskenderun's Mystic Bla  Conj/Tloc      1%         2d3       98%         4
 Leda's Liquefaction      Alch/Erth      0%         N/A       98%         4
 Manifold Assault         Tloc           1%         N/A       98%         4
 Olgreb's Toxic Radiance  Alch           1%         N/A       98%         4
 Passage of Golubria      Tloc           1%         N/A       98%         4
 Petrify                  Alch/Erth      1%         N/A       98%         4
 Vhi's Electric Charge    Tloc/Air       2%         N/A       98%         4
 Metabolic Englaciation   Hex/Ice        3%         N/A       99%         5
 Yara's Violent Unravell  Hex/Alch       3%         3d4       99%         5
 Arcjolt                  Conj/Air       0%         1d10      100%        5
 Fireball                 Conj/Fire      1%         3d3       100%        5
 Irradiate                Conj/Alch      0%         3d11      100%        5
 Iskenderun's Battlesphe  Conj           1%         2d6       100%        5
 Bombard                  Conj/Erth      0%         9d1       100%        6
 Death Channel            Necr           0%         N/A       100%        6
 Dispersal                Tloc           0%         N/A       100%        6
 Sculpt Simulacrum        Ice/Alch       0%         N/A       100%        6
 Starburst                Conj/Fire      1%         6d3       100%        6
 Summon Cactus Giant      Summ           0%         N/A       100%        6
 Enfeeble                 Hex            5%         N/A       100%        7
 Ozocubu's Refrigeration  Ice            0%         4d7       100%        7
 Spellforged Servitor     Conj/Summ      0%         N/A       100%        7
 Summon Hydra             Summ           0%         N/A       100%        7
 Disjunction              Tloc           0%         N/A       100%        8
 Ignition                 Fire           2%         3d3       100%        8
 Maxwell's Capacitive Co  Air            0%         ∞         100%        8
 Chain Lightning          Conj/Air       0%         2d1       100%        9
 Dragon's Call            Summ           0%         N/A       100%        9
 Polar Vortex             Ice            0%         N/A       100%        9


Dungeon Overview and Level Annotations

Branches:
Dungeon (15/15)            Temple (0/1) D:7            Lair (5/5) D:8
 Shoals (4/4) Lair:2       Spider (4/4) Lair:2        Slime (5/5) Lair:4
    Orc (2/2) D:12            Elf (0/3) Orc:2        Vaults (5/5) D:13
  Crypt (0/3) Vaults:2     Depths (4/4) D:15            Zot (5/5) Depths:4
Gauntlet (visited)

Altars:
Ashenzari
Cheibriados
Elyvilon
Fedhas
Gozag
Kikubaaqudgha
Makhleb
Nemelex Xobeh
Okawaru
Qazlal
Uskayaw
Wu Jian
Xom
Yredelemnul
Zin
The Shining One
Jiyva
Lugonu

Shops:
D:5 :   D:8 *   D:11 (   D:12 :   D:14 [*:?   D:15 (   Orc:1 *   Orc:2 !*[=
Shoals:2 ?   Vaults:1 !   Vaults:4 =([   Depths:1 ![[[*

Portals:
Hell: Depths:1 Depths:2 Depths:3 Depths:4
Abyss: Depths:3
Pandemonium: Orc:2 Depths:2 Depths:4
Ziggurat: Depths:2

Annotations:
D:12 1 runed translucent door
Shoals:2 1 runed translucent door, exclusion: door, Aral's ghost, adept MiBe
Orc:2 1 runed translucent door, exclusion: door, ssalbiz's ghost, journeyman MiBe
Depths:2 1 runed translucent door


Innate Abilities, Weirdness & Mutations

Armour fits poorly on your strangely shaped body.
You have extremely tough skin. (AC +3)
You have a long armoured tail.
You regenerate magic and health when rolling toward enemies. (Rampage Regen)
Your health recovers twice as slowly from being drained.


Message History

Unknown command.
(D) Dungeon (T) Temple (L) Lair (A) Shoals (N) Spider Nest (M) Slime Pits (O) Orcish Mines (E) Elven Halls (V) Vaults (C) Crypt (U) Depths (H) Hell (Z) Zot
Where to? (Tab/Enter - D:1 @ (x,y), ? - help)
What level of the Dungeon? (default 1, ? - help)
Your extra speed is starting to run out.
There is a stone staircase leading up, spattered with blood here.
You climb upwards.
There is a stone staircase leading down, spattered with blood here.
You feel yourself slow down.
There is a stone staircase leading up here.
You climb upwards.
There is a stone staircase leading down here.
There is a stone staircase leading up here.
You climb upwards.
There is a stone staircase leading down here.
There is a stone staircase leading up here.
You climb upwards.
There is a stone staircase leading down here.
HP restored.
There is a stone staircase leading up here.
You climb upwards.
There is a stone staircase leading down here.
Things that are here:
a +0 ring mail; a +0 dagger
There is a stone staircase leading up here.
You climb upwards.
There is a stone staircase leading down here.
An ice devil comes into view.
There is a stone staircase leading up here.
You climb upwards.
There is a stone staircase leading down here.
Unknown command.
There is a fountain of clear blue water here.
There is a staircase leading out of the dungeon here.
Enter note: :yay Char dumped successfully.
You have escaped!

#.##.#.........#.##.##.#.##.....
#.##...###...............#######
#.###.## #...##.###......# # #.#
#.####.#.##.####.....# # #.#
#..................#.####### #.#
####..##♣♣♣.♣♣♣##..#........ #.#
#..# ♣⌠♣ #....####### #.#
#..♣♣♣♣♣.♣♣♣♣♣..###...... #.#
#.....⌠.@.⌠.....# #.##### #.#
#..♣♣♣♣♣.♣♣♣♣♣..# #.# #.# #..#
♣⌠♣ #..# #.# #.#
#..##♣♣♣.♣♣♣##..# #.# #.#
#...............# #.#
#.#######.#.##..#..##### #.#
#...........##.##.###### #.#
#########.####.........# #.# #.#
#####.###.# #.#


There were no monsters in sight!

Vanquished Creatures
  the Royal Jelly (Slime:5)
  2 orbs of fire (Zot:5)
  An ancient lich (Zot:5)
  A juggernaut (Depths:2)
  Xtahua (Vaults:4)
  Josephina (Zot:3)
  Sojobo (Vaults:4)
  Saint Roka (Orc:1)
  3 Killer Klowns (Zot:5)
  A curse toe (Zot:2)
  4 caustic shrikes
  11 golden dragons
  A bone dragon (Depths:1)
  Norris (Depths:2)
  A Brimstone Fiend (Depths:4)
  Arachne (Spider:2)
  An electric golem (Zot:5)
  13 tentacled monstrosities
  Rupert (Lair:3)
  Zenata (Vaults:4)
  Mlioglotl (Spider:3)
  A walking crystal tome (Depths:2)
  3 quicksilver dragons
  16 sphinxes
  7 titans
  A walking divine tome (Depths:2)
  4 liches
  21 Orb Guardians
  A walking earthen tome (Abyss:5)
  2 tentacled starspawn (Abyss:4)
  An ancient champion (Depths:1)
  8 acid blobs
  Polyphemus (Shoals:1)
  5 death cobs
  Gastronok (Lair:3)
  12 tengu reavers
  Kirke (D:14)
  14 storm dragons
  Aizul (Shoals:4)
  11 shadow dragons
  Donald (Spider:2)
  An azure jelly (Slime:5)
  12 rockslimes
  A fenstrider witch (Abyss:5)
  10 fire giants
  22 frost giants
  8 draconian monks
  2 protean progenitors
  A nagaraja (Abyss:4)
  4 draconian scorchers
  2 deep elf sorcerers
  8 draconian knights
  An iron dragon (Depths:2)
  5 draconian shifters
  20 vault wardens
  An angel (D:11)
  6 ghost moths
  A balrug (Depths:4)
  4 draconian stormcallers
  9 emperor scorpions
  6 draconian annihilators
  An orc warlord (Vaults:4)
  3 spriggan defenders (Depths:2)
  A broodmother (Spider:2)
  4 formless jellyfish
  6 quicksilver oozes
  24 very ugly things
  26 ironbound preservers
  4 vampire knights
  39 stone giants
  12 green draconians
  7 ironbound thunderhulks
  12 purple draconians
  6 red draconians
  A deep elf demonologist (Vaults:5)
  4 war gargoyles
  Azrael (D:13)
  14 black draconians
  Nessos (Lair:3)
  A deep elf death mage (Vaults:5)
  10 yellow draconians
  6 dire elephants
  2 deep elf annihilators
  16 spark wasps
  17 white draconians
  2 minotaurs (Shoals:4)
  2 merfolk javelineers
  14 ettins
  A green death (Gauntlet)
  An eidolon (Vaults:2)
  Snorg (Lair:3)
  19 yaktaur captains
  11 fire dragons
  The ghost of Xyudeake the Devastator, a journeyman DEFE of Vehumet (Lair:4)
  6 entropy weavers
  A merfolk impaler (Shoals:3)
  7 rakshasas
  40 vault guards
  12 great orbs of eyes
  2 jorogumos
  2 peacekeepers
  A hell beast (Depths:1)
  Erolcha (D:9)
  3 merfolk avatars (Shoals:4)
  3 demonspawn (Orc:2)
  2 hydras (Lair:5)
  10 ironbound frosthearts
  13 ice dragons
  An alligator snapping turtle (Shoals:4)
  3 catoblepae
  A salamander tyrant (Depths:1)
  An alligator (Zot:4)
  13 centaur warriors
  Erica (D:8)
  8 spriggan air magi
  4 radroaches
  An ogre mage (Vaults:5)
  8 boulder beetles
  7 dancing weapons
  3 two-headed ogres
  8 tengu warriors
  5 demonic crawlers
  15 satyrs
  3 death yaks (Shoals:1)
  9 deep troll shamans
  A merfolk aquamancer (Shoals:4)
  2 vampire magi
  13 deep troll earth magi
  Urug (Lair:4)
  8 orc high priests
  13 spriggan berserkers
  5 thrashing horrors
  4 hell knights
  3 sun demons
  5 occultists
  Nergalle (Lair:2)
  A storm dragon skeleton (Vaults:4)
  A soul eater (Depths:4)
  3 wretched stars
  12 skysharks
  Lodul (D:12)
  5 skeletal warriors (D:15)
  6 glowing orange brains
  5 pharaoh ants
  2 salamander mystics (Depths:4)
  5 iron trolls
  A quicksilver dragon simulacrum (Depths:1)
  9 sea snakes
  2 sixfirhies
  14 arcanists
  3 bog bodies (Shoals:2)
  A goliath frog (Lair:5)
  A deep troll (shapeshifter) (Vaults:5)
  69 deep trolls
  6 lindwurms
  A lindwurm (shapeshifter) (Vaults:3)
  2 orb spiders (Spider:4)
  6 phantasmal warriors
  2 flayed ghosts
  An orange crystal statue (Vaults:4)
  25 harpies
  21 ironbound convokers
  A shock serpent (shapeshifter) (Vaults:5)
  The ghost of Faeranduil the Toxicologist, a novice OpAl of Vehumet (D:7)
  5 necromancers
  Pikel (D:8)
  3 deep elf pyromancers
  10 orc knights
  6 steelbarb worms
  40 ugly things
  6 orc sorcerers
  Maurice (D:9)
  15 wolf spiders
  7 shining eyes
  27 manticores
  6 salamanders (Depths:4)
  27 moths of wrath
  A worldbinder (Abyss:4)
  5 cyclopes
  21 fauns
  13 merfolk sirens
  A rust devil (D:11)
  4 kobold blastminers
  A meliai (shapeshifter) (Abyss:5)
  3 black mambas
  3 meliai (Spider:2)
  6 elephants (Lair:5)
  20 vault sentinels
  A stone giant skeleton (Vaults:4)
  3 gargoyles
  An apocalypse crab (Abyss:3)
  An eye of devastation (shapeshifter) (Depths:2)
  2 eyes of devastation (Slime:5)
  6 water nymphs
  3 torpor snails
  Maggie (D:6)
  An orange demon (Gauntlet)
  3 smoke demons
  3 large abominations
  19 cane toads
  10 komodo dragons
  7 rime drakes
  2 unseen horrors (shapeshifter)
  2 hellions
  3 kobold demonologists
  A yaktaur skeleton (Vaults:4)
  30 yaktaurs
  A tengu conjurer (Depths:1)
  2 freezing wraiths (Vaults:5)
  2 ice devils (Orc:2)
  A red devil (Orc:2)
  2 ancient zymes
  A tyrant leech (Lair:5)
  3 wind drakes
  A hellwing (Abyss:3)
  4 polar bears
  17 merfolk
  11 trolls
  24 tarantellas
  4 hornets
  4 glass eyes
  13 blink frogs
  5 snapping turtles
  14 dream sheep
  A dream sheep (shapeshifter) (Depths:2)
  24 jumping spiders
  59 slime creatures
  12 culicivoras
  Sigmund (D:4)
  A shadow (D:12)
  3 wyverns
  12 water elementals
  40 yaks
  4 starcursed masses (Abyss:4)
  3 spriggans
  4 wraiths
  A hog (D:13)
  4 golden eyes (Slime:5)
  2 neqoxecs
  48 redbacks
  19 vampire mosquitoes
  9 basilisks
  8 wargs
  3 fire elementals (D:13)
  A steam dragon (D:10)
  A redback simulacrum (D:15)
  4 chaos spawn
  Menkaure (D:4)
  A yellow draconian simulacrum (Zot:3)
  A small abomination (Abyss:5)
  A purple draconian simulacrum (Zot:3)
  5 hell hounds
  3 moth of wrath simulacra (Zot:3)
  16 water moccasins
  An ice beast (D:8)
  2 laughing skulls (D:11)
  36 orc warriors
  5 black bears
  8 ogres
  9 centaurs
  21 wolves
  9 phantoms
  2 lemures (D:7)
  Blork the orc (D:5)
  A gnoll sergeant (D:10)
  8 scorpions
  22 bullfrogs
  10 wights
  8 killer bees (D:9)
  4 electric eels
  8 howler monkeys
  2 bombardier beetles (D:5)
  A human simulacrum (Vaults:4)
  3 centaur zombies (D:7)
  7 jellies
  29 orc priests
  2 hounds
  A gnoll bouda (D:5)
  An iguana (D:6)
  4 sleepcaps (D:7)
  20 orc wizards
  5 scorpion zombies (D:7)
  4 killer bee zombies (D:7)
  A centaur simulacrum (D:9)
  8 gnolls
  4 adders
  6 shadow imps (D:7)
  5 white imps
  2 ufetubi (Gauntlet)
  A ribbon worm (D:4)
  4 dart slugs
  64 orcs
  9 endoplasms
  3 giant cockroaches
  6 hobgoblins
  A quokka (D:1)
  8 ball pythons
  4 bats
  5 frilled lizards
  5 goblins
  4 kobolds
  3 rats
  An aspiring flesh (Zot:2)
  A starspawn tentacle (Abyss:4)
2123 creatures vanquished.

Vanquished Creatures (collateral kills)
  A storm dragon (Zot:4)
  A protean progenitor (Zot:4)
  A black draconian (Zot:4)
  A minotaur (Gauntlet)
  An alligator (Zot:4)
  2 boulder beetles (Zot:4)
  A moth of wrath (Zot:4)
  3 ogres (D:12)
  2 killer bees (D:9)
  A sleepcap (D:7)
14 creatures vanquished.

Vanquished Creatures (others)
  A fire giant (Depths:3)
  A frost giant (Depths:2)
  A black draconian (Zot:5)
  An ice dragon (Depths:2)
  A merfolk aquamancer (Shoals:4)
  A glowing orange brain (Depths:2)
  A moth of wrath (Zot:4)
  An apocalypse crab (Abyss:4)
  A merfolk (Shoals:3)
  2 humans (D:14)
  An ogre (D:12)
  A centaur (D:14)
  A lurking horror (Abyss:4)
  8 starspawn tentacles
22 creatures vanquished.

Grand Total: 2159 creatures vanquished

Notes
Turn   | Place    | Note
-------+----------+-------------------------------------------
     0 | D:1      | Implojin the Armataur Hexslinger began the quest for the
                  | Orb.
     0 | D:1      | Reached XP level 1. HP: 15/15 MP: 2/2
    88 | D:1      | Reached skill level 1 in Fighting
   228 | D:1      | Reached XP level 2. HP: 24/24 MP: 3/3
   634 | D:1      | Reached XP level 3. HP: 29/29 MP: 4/4
   850 | D:2      | Reached skill level 1 in Unarmed Combat
  1641 | D:3      | Found a glowing silver altar of Zin.
  1642 | D:3      | Found a burning altar of Makhleb.
  1644 | D:3      | Noticed a green death
  1645 | D:3      | Noticed an angel
  1651 | D:3      | Became a worshipper of Zin the Law-Giver
  1693 | D:3      | Reached * piety under Zin
  1870 | D:3      | Reached skill level 2 in Unarmed Combat
  1870 | D:3      | Reached XP level 4. HP: 32/36 MP: 5/5
  2058 | D:4      | Noticed a scorpion
  2064 | D:4      | Killed a scorpion
  2065 | D:4      | Reached skill level 3 in Unarmed Combat
  2065 | D:4      | Reached XP level 5. HP: 41/41 MP: 6/6
  2344 | D:4      | Noticed Sigmund
  2431 | D:4      | Noticed Menkaure
  2439 | D:4      | Found an iron altar of Okawaru.
  2482 | D:5      | Entered Level 5 of the Dungeon
  2568 | D:5      | Reached ** piety under Zin
  2574 | D:5      | Noticed a walking crystal tome
  2577 | D:5      | Found Zedyoz's Book Boutique.
  2577 | D:5      | Noticed a walking frostbound tome
  2591 | D:5      | Noticed a phantom
  2624 | D:5      | Killed a phantom
  2625 | D:5      | Reached skill level 4 in Unarmed Combat
  2723 | D:5      | Noticed Blork the orc
  3085 | D:5      | Reached XP level 6. HP: 48/48 MP: 7/7
  3260 | D:5      | Reached skill level 5 in Unarmed Combat
  3918 | D:6      | asdfg
  3965 | D:5      | :ah
  3965 | D:5      | :zin
  4008 | D:5      | Reached skill level 6 in Unarmed Combat
  4166 | D:5      | Reached skill level 1 in Throwing
  4166 | D:5      | Gained mutation: You regenerate magic and health when
                  | rolling toward enemies. (Rampage Regen) [Armataur growth]
  4166 | D:5      | Reached XP level 7. HP: 38/55 MP: 8/8
  4301 | D:6      | Found a transporter.
  4373 | D:6      | Noticed Maggie
  4374 | D:6      | :asdfg
  4533 | D:5      | Found Zedyoz's Book Boutique.
  4682 | D:5      | Killed Blork the orc
  5194 | D:6      | Found a sparkling altar of Nemelex Xobeh.
  5213 | D:6      | Reached skill level 7 in Unarmed Combat
  5591 | D:7      | Reached XP level 8. HP: 28/56 MP: 9/9
  5712 | D:7      | Reached skill level 8 in Unarmed Combat
  5982 | D:7      | :ope
  5983 | D:7      | :nonononono
  5983 | D:7      | :rip
  6390 | D:7      | Found a runed translucent door.
  6391 | D:7      | Noticed Faeranduil's ghost (novice OpAl)
  6455 | D:7      | Reached skill level 5 in Fighting
  6741 | D:7      | Found a staircase to the Ecumenical Temple.
  7302 | D:5      | Found Zedyoz's Book Boutique.
  7899 | D:4      | Killed Sigmund
  7900 | D:4      | Reached XP level 9. HP: 72/78 MP: 10/10
  7947 | D:4      | Reached *** piety under Zin
  8593 | D:3      | Found a glowing silver altar of Zin.
  8594 | D:3      | Found a burning altar of Makhleb.
  8831 | D:3      | Reached skill level 1 in Stealth
  9162 | D:4      | Killed Menkaure
  9273 | D:4      | Found an iron altar of Okawaru.
  9662 | D:6      | Reached **** piety under Zin
  9712 | D:6      | Found an ancient bone altar of Kikubaaqudgha.
  9713 | D:6      | Found a glowing golden altar of the Shining One.
  9713 | D:6      | Found a basalt altar of Yredelemnul.
  9714 | D:6      | Noticed a cyclops
  9716 | D:6      | Found a transporter.
  9716 | D:6      | Noticed a boulder beetle
  9863 | D:6      | Reached skill level 1 in Evocations
  9876 | D:6      | Killed Maggie
 10169 | D:6      | Found a broken altar of Ashenzari.
 10559 | D:7      | Found a runed translucent door.
 10596 | D:7      | Found a staircase to the Ecumenical Temple.
 11010 | D:8      | Noticed a troll
 11021 | D:8      | Reached skill level 9 in Unarmed Combat
 11105 | D:8      | Noticed Pikel
 11105 | D:8      | Found an ornate altar of the Wu Jian Council.
 11186 | D:8      | Killed Pikel
 11187 | D:8      | Reached XP level 10. HP: 54/86 MP: 11/11
 11526 | D:8      | Found a staircase to the Lair.
 11536 | D:8      | Reached skill level 10 in Unarmed Combat
 11572 | D:8      | Noticed Erica
 11628 | D:7      | Reached skill level 1 in Armour
 12019 | D:7      | Reached skill level 5 in Armour
 12111 | D:7      | Identified the +0 plate armour of Onenyul {rC+}
 12548 | D:8      | Found a runed translucent door.
 12548 | D:8      | Noticed a sixfirhy
 12578 | D:8      | Found Kimyhe's Changing Room.
 12825 | D:9      | Found a white marble altar of Elyvilon.
 13000 | D:9      | Reached skill level 11 in Unarmed Combat
 13084 | D:9      | Found a snail-covered altar of Cheibriados.
 13085 | D:9      | Found an opulent altar of Gozag.
 13086 | D:9      | Found a hide-covered altar of Uskayaw.
 13173 | D:9      | Noticed Erolcha
 13831 | D:9      | Noticed Maurice
 13837 | D:9      | Something stole a +5 short sword
 13841 | D:9      | Killed Maurice
 13842 | D:9      | Reached skill level 12 in Unarmed Combat
 13842 | D:9      | Reached XP level 11. HP: 89/92 MP: 5/12
 14122 | D:9      | Reached ***** piety under Zin
 14437 | D:10     | Entered Level 10 of the Dungeon
 14462 | D:10     | Reached skill level 1 in Invocations
 15588 | D:10     | Reached skill level 5 in Invocations
 15647 | D:10     | Reached skill level 5 in Evocations
 16277 | D:11     | Found Seyquanu's Antique Weapon Shop.
 16747 | D:11     | Noticed a boulder beetle
 16801 | D:11     | Killed a boulder beetle
 16970 | D:11     | Noticed a two-headed ogre
 17516 | Lair:1   | Entered Level 1 of the Lair of Beasts
 18103 | Lair:1   | Reached XP level 12. HP: 65/103 MP: 14/18
 18686 | Lair:2   | Noticed Nergalle
 18697 | Lair:2   | Killed Nergalle
 19020 | Lair:2   | Found a hole to the Spider Nest.
 19313 | Lair:2   | Reached skill level 10 in Fighting
 20073 | Lair:2   | Found a staircase to the Shoals.
 20340 | Lair:3   | Noticed Snorg
 20541 | Lair:3   | Noticed Nessos
 20984 | Lair:3   | Noticed Rupert
 20986 | Lair:3   | Killed Snorg
 21480 | D:12     | Reached skill level 5 in Dodging
 21732 | D:12     | Noticed Lodul
 21759 | D:12     | Found a staircase to the Orcish Mines.
 21760 | D:12     | Killed Lodul
 21762 | D:12     | Reached ****** piety under Zin
 21870 | D:12     | Found Bygiegef's Book Boutique.
 21897 | D:12     | Found a runed translucent door.
 22183 | D:12     | Found a runed translucent door.
 22528 | D:12     | Noticed a two-headed ogre
 22931 | D:13     | Noticed a tengu warrior
 22938 | D:13     | Killed a tengu warrior
 22939 | D:13     | Reached skill level 13 in Unarmed Combat
 23250 | D:13     | Reached XP level 13. HP: 25/113 MP: 3/19
 23509 | D:13     | Found a gate to the Vaults.
 24204 | D:13     | Identified the +1 pair of gloves "Soesm" {Str+3 Slay+4}
 24959 | D:14     | Found Weacoalu's General Store.
 24959 | D:14     | Found Xiug Cip's Book Emporium.
 24959 | D:14     | Found Ysicig's Magic Scroll Emporium.
 24961 | D:14     | Bought a potion of curing for 51 gold pieces
 25006 | D:13     | Noticed Azrael
 25036 | D:13     | Reached skill level 14 in Unarmed Combat
 25219 | D:13     | Reached skill level 1 in Shields
 25512 | D:14     | Noticed Kirke
 25593 | D:14     | Noticed a sphinx
 25594 | D:14     | Paralysed by a sphinx for 3 turns
 25741 | D:14     | Killed Kirke
 25796 | D:14     | Reached skill level 5 in Shields
 25954 | D:14     | Found Caorr's Armour Shop.
 26389 | D:15     | Entered Level 15 of the Dungeon
 26814 | D:15     | Found a staircase to the Depths.
 27081 | D:15     | Found Oxoguruu's Weapon Boutique.
 27644 | D:15     | Noticed a fire dragon
 27649 | D:15     | Killed a fire dragon
 27650 | D:15     | Reached skill level 10 in Armour
 28128 | D:15     | Reached XP level 14. HP: 121/121 MP: 20/20
 28238 | D:15     | Found a runed translucent door.
 28498 | D:15     | Found a basalt altar of Yredelemnul.
 28910 | D:12     | Reached skill level 15 in Unarmed Combat
 28966 | D:12     | You fall into a shaft and drop 1 floor!
 28991 | D:13     | Killed Azrael
 29373 | D:13     | Found a gate to the Vaults.
 30405 | D:8      | Found an ornate altar of the Wu Jian Council.
 30558 | D:8      | Found a staircase to the Lair.
 30679 | D:8      | Killed Erica
 30805 | D:8      | Found a runed translucent door.
 30845 | D:8      | Found Kimyhe's Changing Room.
 31157 | D:7      | Killed Faeranduil's ghost
 31710 | Orc:1    | Entered Level 1 of the Orcish Mines
 32037 | Orc:1    | Found Rykileg's General Store.
 32535 | Orc:2    | Entered Level 2 of the Orcish Mines
 32621 | Orc:2    | Found a runed translucent door.
 32626 | Orc:2    | Noticed ssalbiz's ghost (journeyman MiBe)
 32646 | Orc:2    | Found a gate leading to a gauntlet.
 32664 | Orc:2    | Noticed Saint Roka
 32888 | Gauntlet | Entered a Gauntlet
 32888 | Gauntlet | Found a transporter.
 32888 | Gauntlet | Found a transporter.
 32896 | Gauntlet | Found a transporter.
 32910 | Gauntlet | Found a transporter.
 32929 | Gauntlet | Found a transporter.
 32944 | Gauntlet | Found a transporter.
 32964 | Gauntlet | Found a transporter.
 33043 | Gauntlet | Found a transporter.
 33060 | Gauntlet | Found a transporter.
 33064 | Gauntlet | Found a large runed translucent door.
 33065 | Gauntlet | Found a large runed translucent door.
 33067 | Gauntlet | Found a runed translucent gate.
 33072 | Gauntlet | Found a transporter.
 33074 | Gauntlet | Found a runed translucent gate.
 33074 | Gauntlet | Found a runed translucent gate.
 33076 | Gauntlet | Found a large runed translucent door.
 33076 | Gauntlet | Found a transporter.
 33076 | Gauntlet | Found a large runed translucent door.
 33077 | Gauntlet | Found a large runed translucent door.
 33078 | Gauntlet | Found a large runed translucent door.
 33085 | Gauntlet | Found a large runed translucent door.
 33085 | Gauntlet | Found a large runed translucent door.
 33087 | Gauntlet | Found a large runed translucent door.
 33087 | Gauntlet | Found a large runed translucent door.
 33087 | Gauntlet | Found a runed translucent door.
 33087 | Gauntlet | Found a runed translucent door.
 33088 | Gauntlet | Found a large runed translucent door.
 33103 | Gauntlet | Found a large runed translucent door.
 33103 | Gauntlet | Found a large runed translucent door.
 33104 | Gauntlet | Found a large runed translucent door.
 33105 | Gauntlet | Found a large runed translucent door.
 33107 | Gauntlet | Found a transporter.
 33127 | Gauntlet | Found a transporter.
 33138 | Gauntlet | Found a transporter.
 33184 | Gauntlet | Found a transporter.
 33204 | Gauntlet | Found a transporter.
 33226 | Gauntlet | Found a large runed translucent door.
 33602 | Gauntlet | Identified the ring "Avaow" {+Blink rF+ Int+4}
 34180 | Orc:2    | Found a staircase to the Elven Halls.
 34385 | Orc:2    | Found Xehuath's General Store.
 34457 | Orc:2    | Found Gaot's Distillery.
 35072 | Orc:2    | Reached skill level 10 in Invocations
 35072 | Orc:2    | Reached XP level 15. HP: 130/132 MP: 14/22
 35197 | Orc:2    | Reached skill level 16 in Unarmed Combat
 35367 | Orc:2    | Found Racibo Olur's Jewellery Shop.
 35367 | Orc:2    | Found Upoesuke's Antique Armour Boutique.
 35368 | Orc:2    | Found a one-way gate leading to the halls of Pandemonium.
 35628 | Orc:2    | Bought a glowing barding for 598 gold pieces
 35635 | Orc:2    | Bought an ichor-stained cloak for 218 gold pieces
 35635 | Orc:2    | Identified the +1 cloak of Soreg {rF+ rC+ rCorr Int-5} (You
                  | bought it in a shop on level 2 of the Orcish Mines)
 35753 | Orc:1    | Bought a scroll of acquirement for 572 gold pieces
 35754 | Orc:1    | Acquired the +5 tower shield of Plog {^Drain +Blink rElec
                  | Int+7}
 35857 | Orc:2    | Bought a potion of heal wounds for 65 gold pieces
 35857 | Orc:2    | Bought a potion of curing for 39 gold pieces
 35857 | Orc:2    | Bought a potion of cancellation for 104 gold pieces
 35857 | Orc:2    | Bought a potion of haste for 130 gold pieces
 35857 | Orc:2    | Bought a potion of berserk rage for 65 gold pieces
 35857 | Orc:2    | Bought a potion of invisibility for 104 gold pieces
 35857 | Orc:2    | Bought a potion of magic for 104 gold pieces
 35857 | Orc:2    | Bought a potion of haste for 130 gold pieces
 36041 | D:9      | Killed Erolcha
 36160 | Spider:1 | Entered Level 1 of the Spider Nest
 36191 | Spider:1 | :doh
 37705 | Spider:1 | Noticed an emperor scorpion
 38058 | Spider:2 | Noticed Donald
 38063 | Spider:2 | Noticed Arachne
 38072 | Spider:2 | :bleh
 38148 | Shoals:1 | Entered Level 1 of the Shoals
 38465 | Shoals:1 | Reached skill level 10 in Shields
 38467 | Shoals:1 | Acquired a manual of Unarmed Combat
 39380 | Shoals:2 | Identified the +1 robe of Iqidd {Str+3}
 39459 | Shoals:2 | Found Pewnig's Magic Scroll Shoppe.
 39623 | Shoals:2 | Noticed Polyphemus
 39791 | Shoals:1 | Killed Polyphemus
 39806 | Shoals:2 | Reached XP level 16. HP: 126/139 MP: 23/23
 40134 | Shoals:2 | Found a runed translucent door.
 40136 | Shoals:2 | Found a shimmering altar of Xom.
 40136 | Shoals:2 | Noticed Aral's ghost (adept MiBe)
 41157 | Shoals:2 | Bought a scroll of fog for 72 gold pieces
 41157 | Shoals:2 | Bought a scroll of teleportation for 54 gold pieces
 41157 | Shoals:2 | Bought a scroll of fog for 72 gold pieces
 41447 | D:14     | Bought a scroll of fear for 44 gold pieces
 41447 | D:14     | Bought a scroll of blinking for 82 gold pieces
 41447 | D:14     | Bought a scroll of teleportation for 33 gold pieces
 41447 | D:14     | Bought a scroll of revelation for 82 gold pieces
 41792 | Shoals:4 | Entered Level 4 of the Shoals
 41804 | Shoals:4 | Reached skill level 15 in Shields
 42046 | Shoals:4 | Reached skill level 17 in Unarmed Combat
 42644 | Shoals:4 | Noticed a sphinx
 42645 | Shoals:4 | Noticed a sphinx
 42691 | Shoals:4 | Identified the serpent talisman of Oblivion {rElec Str+2
                  | Dex-5 SInv}
 42691 | Shoals:4 | Noticed Aizul
 42894 | Shoals:4 | Killed a sphinx
 43050 | Shoals:4 | Killed Aizul
 43307 | Shoals:4 | Killed a sphinx
 43338 | Shoals:4 | Reached XP level 17. HP: 147/152 MP: 24/24
 43409 | Shoals:4 | Got a barnacled rune of Zot
 43474 | Shoals:4 | Identified the +3 ring mail of Starshine {rPois Will+ Str+5
                  | Stlth+}
 44730 | Spider:3 | Noticed Mlioglotl
 44737 | Spider:3 | Paralysed by accursed screaming for 1 turns
 44802 | Spider:2 | Killed Donald
 44924 | Spider:2 | Paralysed by a jorogumo for 1 turns
 45150 | Spider:2 | Killed Arachne
 45346 | Spider:2 | Acquired a manual of Dodging
 45966 | Spider:3 | Killed Mlioglotl
 46161 | Spider:3 | Reached skill level 15 in Armour
 46416 | Spider:4 | Entered Level 4 of the Spider Nest
 47708 | Spider:3 | Reached skill level 18 in Unarmed Combat
 48647 | Spider:4 | Reached skill level 19 in Unarmed Combat
 49461 | Spider:4 | Got a gossamer rune of Zot
 49574 | Spider:4 | Reached XP level 18. HP: 160/160 MP: 25/25
 49805 | Lair:3   | Killed Nessos
 49887 | Lair:3   | Noticed Gastronok
 49904 | Lair:3   | Killed Gastronok
 49921 | Lair:3   | Killed Rupert
 50126 | Lair:3   | Reached skill level 20 in Unarmed Combat
 50280 | Lair:4   | Found a runed translucent door.
 50378 | Lair:4   | Found a staircase to the Slime Pits.
 50385 | Lair:4   | Found a viscous altar of Jiyva.
 50551 | Lair:4   | Noticed Urug
 50563 | Lair:4   | Killed Urug
 51007 | Lair:4   | Found a shimmering altar of Xom.
 51007 | Lair:4   | Noticed Xyudeake's ghost (journeyman DEFE)
 51008 | Lair:4   | Identified the +7 dire flail of Disaster {chaos, rN+}
 51114 | Lair:4   | Killed Xyudeake's ghost
 51165 | Lair:5   | Entered Level 5 of the Lair of Beasts
 51691 | Lair:5   | Got the Handbook of the Brume
 52571 | D:15     | Reached skill level 10 in Dodging
 52749 | Vaults:1 | Entered Level 1 of the Vaults
 52884 | D:13     | HP: 2/160 [very large slime creature (70)]
 54549 | Vaults:1 | Reached XP level 19. HP: 151/167 MP: 24/26
 54872 | Vaults:1 | Found Rororgh's Distillery.
 54880 | Vaults:1 | Bought a potion of might for 68 gold pieces
 54880 | Vaults:1 | Bought a potion of invisibility for 136 gold pieces
 54880 | Vaults:1 | Bought a potion of haste for 170 gold pieces
 54880 | Vaults:1 | Bought a potion of curing for 51 gold pieces
 54880 | Vaults:1 | Bought a potion of attraction for 51 gold pieces
 56085 | Vaults:2 | Found a staircase to the Crypt.
 56363 | Vaults:2 | Found the +2 hood of the Assassin {Detect Stab+ Stlth++}
 57551 | Vaults:3 | Reached skill level 15 in Fighting
 57723 | Vaults:3 | Reached XP level 20. HP: 49/179 MP: 6/29
 59008 | Vaults:4 | Noticed Sojobo
 59181 | Vaults:4 | Found Tiytun's Antique Armour Shoppe.
 59274 | Vaults:4 | Identified the +1 robe "Gotefimm" {rC+ Archmagi}
 59327 | Vaults:4 | Noticed Zenata
 59395 | Vaults:4 | Reached skill level 5 in Stealth
 59508 | Vaults:4 | Killed Zenata
 59599 | Vaults:4 | Found Lisiyn's Weapon Boutique.
 59738 | Vaults:4 | Killed Sojobo
 59855 | Vaults:4 | Reached skill level 10 in Stealth
 60137 | Vaults:4 | Noticed Xtahua
 60153 | Vaults:4 | Killed Xtahua
 60274 | Vaults:4 | Found Walef's Jewellery Emporium.
 61129 | Depths:1 | Entered Level 1 of the Depths
 61138 | Depths:1 | Found Gaon's Assorted Antiques.
 61316 | Depths:1 | Noticed a caustic shrike
 61338 | Depths:1 | Reached XP level 21. HP: 179/191 MP: 30/30
 61522 | Depths:1 | Killed a caustic shrike
 61654 | Depths:1 | Found a gateway to Hell.
 61798 | Depths:1 | Found Werr's Antique Armour Emporium.
 61821 | Depths:1 | Bought a fine cloak for 389 gold pieces
 61821 | Depths:1 | Identified the +2 cloak "Uhunt" {rF+ rN+ rCorr Slay-6} (You
                  | bought it in a shop on level 1 of the Depths)
 61821 | Depths:1 | Bought a steaming ring mail for 369 gold pieces
 61821 | Depths:1 | Identified the +4 ring mail of Noon {Int+2} (You bought it
                  | in a shop on level 1 of the Depths)
 61914 | Depths:1 | Found Kimy's Distillery.
 61924 | Depths:1 | Found Nupnitai's Antique Armour Emporium.
 61958 | Depths:1 | Reached skill level 15 in Stealth
 61991 | Depths:1 | Bought a potion of heal wounds for 105 gold pieces
 61991 | Depths:1 | Bought a potion of invisibility for 168 gold pieces
 61991 | Depths:1 | Bought a potion of might for 84 gold pieces
 61991 | Depths:1 | Bought a potion of curing for 63 gold pieces
 61991 | Depths:1 | Bought a potion of curing for 63 gold pieces
 61991 | Depths:1 | Bought 2 potions of curing for 126 gold pieces
 62003 | Depths:1 | Bought a jewelled plate armour for 560 gold pieces
 62003 | Depths:1 | Identified the +9 plate armour "Kuuh Cef" {Will+ Dex+4
                  | Slay-4 SInv} (You bought it in a shop on level 1 of the
                  | Depths)
 62329 | Depths:1 | Found Osok's Armour Shoppe.
 63293 | Depths:2 | Found a blossoming altar of Fedhas.
 63354 | Depths:2 | Acquired the +8 crystal plate armour of Syngen {Dex+3}
 63560 | Depths:2 | Found a runed translucent door.
 63560 | Depths:2 | Noticed a juggernaut
 63561 | Depths:2 | Found a runed translucent door.
 63561 | Depths:2 | Noticed a golden dragon
 63562 | Depths:2 | Found a runed translucent door.
 63599 | Depths:2 | Killed a juggernaut
 63624 | Depths:2 | Killed a golden dragon
 63739 | Depths:2 | Noticed Norris
 63766 | Depths:2 | Killed Norris
 63767 | Depths:2 | Reached skill level 5 in Throwing
 63852 | Depths:2 | Reached XP level 22. HP: 160/199 MP: 31/31
 64119 | Depths:2 | Found a one-way gateway to a ziggurat.
 65159 | Depths:2 | Found a runed translucent door.
 65159 | Depths:2 | Found a runed translucent door.
 65208 | Depths:2 | Identified the +9 arbalest "Hianuq" {elec, Will+ Int+2}
 65880 | Depths:2 | Found a one-way gateway to a ziggurat.
 66018 | Depths:2 | Found a blossoming altar of Fedhas.
 66487 | Depths:2 | Found a runed translucent door.
 67431 | Depths:3 | Reached skill level 15 in Dodging
 67524 | Depths:3 | Found an opulent altar of Gozag.
 67555 | Depths:3 | Reached XP level 23. HP: 201/205 MP: 32/32
 67570 | Depths:3 | Found a corrupted altar of Lugonu.
 67570 | Depths:3 | Found a one-way gate to the infinite horrors of the Abyss.
 68089 | Depths:4 | Entered Level 4 of the Depths
 68110 | Depths:4 | Noticed a caustic shrike
 68110 | Depths:4 | Noticed a caustic shrike
 68111 | Depths:4 | Noticed a caustic shrike
 68157 | Depths:3 | Killed a caustic shrike
 68221 | Depths:3 | Killed a caustic shrike
 68242 | Depths:3 | Killed a caustic shrike
 68585 | Depths:4 | Found a gate to the Realm of Zot.
 69111 | Vaults:5 | Entered Level 5 of the Vaults
 69244 | Vaults:5 | Identified the +1 orcbow of Leddaif {flame, rPois rF+ rC-}
 69247 | Vaults:5 | Got a silver rune of Zot
 70017 | Vaults:5 | Got Segerheg's Handbook of Victory
 70283 | Vaults:5 | Acquired a manual of Shields
 70557 | Vaults:5 | Reached XP level 24. HP: 215/217 MP: 32/32
 70844 | Vaults:5 | Identified the +0 helmet of Impatience {rF+}
 70845 | Vaults:5 | Identified the +1 scale mail "Nefevor" {rPois Regen+ Dex+3}
 70890 | Vaults:5 | Identified the +0 rapier "Taogif" {freeze, ^Contam rF-
                  | rCorr Stlth+}
 70896 | Vaults:5 | Identified the +7 longbow of the Sybil {speed, rElec Will+}
 71201 | Vaults:5 | Identified the staff of Crawling {rF+ Will- Dex+7 Stlth-
                  | Fire Air}
 72355 | Orc:1    | Killed Saint Roka
 72437 | Orc:1    | Found Rykileg's General Store.
 72808 | Orc:1    | Upgraded the game from 0.31.0 to 0.31.0-2-g5a2aebc5c2
 73035 | Slime:1  | Entered Level 1 of the Pits of Slime
 73135 | Slime:5  | Entered Level 5 of the Pits of Slime
 73271 | Slime:5  | Found a viscous altar of Jiyva.
 73330 | Slime:5  | Noticed the Royal Jelly
 73352 | Slime:5  | Killed the Royal Jelly
 73434 | Slime:5  | Identified the +8 plate armour "Jytirrok" {rC+ Str-5 Int+3
                  | Stlth+}
 73437 | Slime:5  | Identified the amulet of the Bright God {Regen+ rCorr}
 73455 | Slime:5  | Identified the +8 ice dragon scales of the Locust {rF- rC++
                  | Int+3}
 73479 | Slime:5  | Got a starry gem with 228 turns to spare
 73481 | Slime:5  | Got a slimy rune of Zot
 73945 | Depths:3 | Voluntarily entered the Abyss.
 74024 | Abyss:3  | Found a corrupted altar of Lugonu.
 74132 | Abyss:4  | Found a corrupted altar of Lugonu.
 74175 | Abyss:4  | Paralysed by accursed screaming for 1 turns
 74182 | Abyss:4  | Got an abyssal rune of Zot
 74191 | Abyss:5  | Found a corrupted altar of Lugonu.
 74365 | Depths:3 | Escaped the Abyss
 74453 | Zot:1    | Entered Level 1 of the Realm of Zot
 74698 | Depths:1 | Bought a scroll of immolation for 100 gold pieces
 74698 | Depths:1 | Bought a scroll of revelation for 187 gold pieces
 74698 | Depths:1 | Bought a wand of digging (9) for 945 gold pieces
 74698 | Depths:1 | Bought a scroll of enchant armour for 187 gold pieces
 74698 | Depths:1 | Bought a scroll of teleportation for 75 gold pieces
 74920 | Orc:1    | Bought a scroll of immolation for 44 gold pieces
 75284 | Zot:2    | :actually i don't need the gem this game, do i
 75287 | Zot:2    | :slow clear
 75287 | Zot:2    | :s l o w
 75371 | Zot:2    | Acquired 1223 gold pieces
 75400 | Zot:2    | Identified the ring "Zydahil" {AC+4 SInv Stlth+}
 75830 | Zot:2    | Reached skill level 21 in Unarmed Combat
 76647 | Zot:2    | HP: 6/221 [green draconian monk[a red draconian scorcher]
                  | (21)]
 76759 | Zot:2    | Reached XP level 25. HP: 223/227 MP: 32/32
 77038 | Zot:2    | Reached skill level 22 in Unarmed Combat
 77317 | Zot:1    | Found a stormy altar of Qazlal.
 78334 | Zot:3    | Identified the ring "Kidoerem" {Ice Str-4 Int+3 Dex+4
                  | Stlth+}
 78334 | Zot:3    | Identified the death talisman of the New World {rF+ rC+++
                  | Int-2 Dex+2}
 78334 | Zot:3    | Noticed Josephina
 78374 | Zot:3    | Killed Josephina
 80408 | Zot:5    | Entered Level 5 of the Realm of Zot
 81026 | Zot:5    | Noticed an ancient lich
 81044 | Zot:5    | Killed an ancient lich
 81101 | Zot:5    | Noticed a Killer Klown
 81103 | Zot:5    | Noticed a Killer Klown
 81112 | Zot:5    | Killed a Killer Klown
 81118 | Zot:5    | Killed a Killer Klown
 81129 | Zot:5    | Reached skill level 23 in Unarmed Combat
 81184 | Zot:5    | Noticed a Killer Klown
 81207 | Zot:5    | Noticed an orb of fire
 81207 | Zot:5    | Noticed an orb of fire
 81224 | Zot:5    | Gained mutation: Your health recovers twice as slowly from
                  | being drained. [an orb of fire]
 81238 | Zot:5    | Killed an orb of fire
 81246 | Zot:5    | Killed an orb of fire
 81269 | Zot:5    | Killed a Killer Klown
 81270 | Zot:5    | Reached XP level 26. HP: 193/244 MP: 32/32
 81453 | Zot:5    | Got the Orb of Zot
 81564 | Zot:2    | Noticed Ezelo the pandemonium lord
 81600 | Zot:1    | Noticed a seraph
 81993 | D:1      | :yay
 81994 | D:$      | Escaped with the Orb!

Illustrated notes #..# #..# ...# .......# .... ..# ... #.# ... #O# # #.# #@# #.#.# #.# .####.#>###.# ............# #######.##### #.# #.# #<# #.# Turn 3918 on D:6: asdfg

######...........#.##.#####.##.#.
#........####..#.#.##.....#.#....
+......o.'.......#.#####....#..##
#........###.#'###.....#.........
....#....###...........#.)####.##
.######................#.......#
.# #...............÷###.....## .#
#........o.........#.#.##.. .#
#.........@......#.#.#.##.# .#
##...............#.#.#.##.# .##
#..............##.#.#....# ..#
#..........##.....#.###### ###
~#..........########.# ..#
.#.................#.# ###
###.....##'#.######.#.#
#.######........#.####.#.#.#
#.....###########.##...#.#.#####


Turn 3965 on D:5: :ah ..# ..# # #..# #. #..# #.#####..# ####### ... ....#####
....... .#####.###@...... ....... ......†..@.....###.......
.###....####............. ................<........ ...(.........#.###.......
.(#####.####....# ....... . #.# #....# ....... #.####....##.......
#.##.........###.## #..#.........# .# Turn 4374 on D:6: :asdfg
####.###########.###....#######.# .................................
######.########......#........... .....................#.#########.
..[..................#.# .. .(...#..........#....#.# #.#
[...!...........#....#.## #.# .....##........h###.....# #.
.....##.........@....#..# ## ...#<...##############....# ......... ##.#
####..... ...P..P. .P.P.... P... Turn 5982 on D:7: :ope
####.###########.###....#######.# .................................
######.########......#........... .....................#.#########.
..[..................#.# .. .(...#..........#....#.# #.#
[...!...........#....#.## #.# .....##........h###.....# #.
.....##.........@....#..# ## ...#<...##############....# ......... ##.#
####..... ...P..P. .P.P.... P... Turn 5983 on D:7: :nonononono ####### ##.
#...#^## ### ##..# #...#..####..# #.... ##.......##..# # #...# ##..........^.##
..#.... #.......##.....# ....B.. #...######...### #..s##.....#..#......
#..@#^....#.....##.. ##.......##....<# .. ##.....##...#..# .. #######....##.# ..
##.^. ### ## #.. #. Turn 36191 on Spider:1: :doh ##.. .. ... ^.. ss# . ..##s.###
.. #~....< ##~# #^..... #..≈^ ..#~#...####..# ...~..$.@....##...
^.##.#........... ###..#.#...### # #...(####..... #.!~##...@..# .... #....)w..#
.#. ......#=s....# # ....#.#.#H...# ..#.~####..#..# Turn 38072 on Spider:2:
:bleh ,***,,,,,,***,,** ** *****......########## * ##....d..#########******** *
*#.......d....#####.,,,,,,, **.......###.........,,,,,,,
**,..#....#####.......,,,,,** **,,*#....d######.....***,,,**
**,,**#.....d####..####* ***,,* *,,** #.....dD@...##### ***,
**,,***#...#####)...#### *, **,,***....######<...#### *,
*,,***,.,..######....#### *, ,,,**,,*,..######....####**** *,
,,**,,**,...#####........,,,****, ,,*,,***,.....##.....####,,,,,,,,
,**,,**,,........##.#####,,,,**,, **,,**,,,,........#.#####,,,***,, Turn 75284
on Zot:2: :actually i don't need the gem this game, do i ,***,,,,,,***,,** **
*****......########## * ##....d..#########******** * *#.......d....#####.,,,,,,,
**.......###.........,,,,,,, **,..#....#####.......,,,,,**
**,,*#....D######.....***,,,** **,,**#.....d####..####* ***,,* *,,**
#....dd.@...##### ***, **,,***#...#####)...#### *, **,,***....######<...#### *,
*,,***,.,..######....#### *, ,,,**,,*,..######....####**** *,
,,**,,**,...#####........,,,****, ,,*,,***,.....##.....####,,,,,,,,
,**,,**,,........##.#####,,,,**,, **,,**,,,,........#.#####,,,***,, Turn 75287
on Zot:2: :slow clear #.##.#.........#.##.##.#.##.....
#.##...###...............####### #.###.## #...##.###......# # #.#
#.####.#.##.####.....# # #.# #..................#.####### #.#
####..##♣♣♣.♣♣♣##..#........ #.# #..# ♣⌠♣ #....####### #.#
#..♣♣♣♣♣.♣♣♣♣♣..###...... #.# #.....⌠.@.⌠.....# #.##### #.# #..♣♣♣♣♣.♣♣♣♣♣..#
#.# #.# #..# ♣⌠♣ #..# #.# #.# #..##♣♣♣.♣♣♣##..# #.# #.# #...............# #.#
#.#######.#.##..#..##### #.# #...........##.##.###### #.#
#########.####.........# #.# #.# #####.###.# #.# Turn 81993 on D:1: :yay

Levels and vault maps discovered:
D:1:      scummos_arrival_forest, layout_loops_ring
D:2:      layout_rooms
D:3:      layout_loops_ring, grunt_temple_overflow_order_and_chaos_2,
          minmay_misc_feat_rows
D:4:      layout_rooms, okawaru_trees_1, uniq_menkaure, uniq_sigmund
D:5:      layout_basic, serial_shops, nicolae_shop_mannequins, serial_aquarium,
          aquarium_bridge_straight [aquarium_subvault_bridge,
          aquarium_subvault_window, aquarium_subvault_bridge,
          aquarium_subvault_wall], aquarium_window_1, aquarium_window_fake,
          aquarium_window_corridor_1, aquarium_window_1, aquarium_view_2e,
          aquarium_view_2f, uniq_blork_the_orc
D:6:      layout_loops_ring, mainiacjoe_overflow_large_starburst,
          gammafunk_temple_overflow_arena, uniq_maggie
D:7:      bobbens_index_wilting_gardens, layout_basic,
          minmay_temple_entry_wispy, ebering_ghost_reflecting_pool
D:8:      cheibrodos_shockbox, layout_loops_ring,
          mainiacjoe_overflow_tiny_flanked, grunt_lair_entry_orc_guard_hut,
          kennysheep_cross_bottleneck, nicolae_transmutations_shop, uniq_erica,
          uniq_pikel
D:9:      layout_basic, chequers_temple_overflow_statue_of_worship,
          mainiacjoe_overflow_catwalk, kennysheep_just_a_vault, uniq_erolcha,
          uniq_maurice
D:10:     layout_roguey, grunt_decor_fettered,
          serial_library_hellmonk_filled_rooms, minmay_chambers_of_fives
D:11:     layout_roguey, serial_rivers, chequers_serial_rivers_small_b,
          chequers_serial_rivers_large_a, chequers_serial_rivers_small_b,
          chequers_serial_rivers_room_b, serial_shops, shop_statue, minivault_23
D:12:     cheibrodos_histonic, layout_loops_ring, minmay_orc_entry_temple_small,
          serial_shops, shop_statue, serial_glass, glass_columns_a,
          glass_columns_a, glass_columns_b, glass_columns_a, uniq_lodul
D:13:     layout_stronghold, erik_vaults_1, kennysheep_generic_room_7,
          uniq_azrael
D:14:     layout_rooms, minivault_11, serial_shops, nicolae_inconvenience_store,
          nicolae_shop_distant_corner_stores, uniq_kirke
D:15:     grunt_enter_depths_hoard, layout_basic, dk_noncrumbling_4,
          serial_shops, shop_fountains, nicolae_danse_macabre
Lair:1:   layout_chaotic_city, hibernation_bobbens
Lair:2:   layout_hall_layers, minmay_shoals_entry_lonely_mermaid,
          spider_nest_entry_rubble, chequers_serial_rivers_small_b,
          uniq_nergalle
Lair:3:   layout_cave_shapes, uniq_nessos, uniq_rupert, uniq_gastronok,
          uniq_snorg
Lair:4:   layout_small_grid, nicolae_slime_entry_field_trip, ebering_ghost_xom,
          serial_bayou_shore_a, uniq_urug
Lair:5:   minmay_lair_end_frog_pond, layout_cave_shapes
Shoals:1: layout_shoals, argonaut_gorgonesque
Shoals:2: cheibrodos_shoals_roost, layout_shoals, ebering_ghost_xom,
          nicolae_take_the_stairs, nicolae_shoals_lost_giant_hut,
          nicolae_shoals_secluded_bog, uniq_polyphemus
Shoals:3: layout_shoals
Shoals:4: shoals_end_hellmonk_lost_city, uniq_aizul
Spider:1: nicolae_spider_mines_2
Spider:2: layout_spider_delve, einodemon_crawler_minivault, uniq_donald,
          uniq_arachne
Spider:3: layout_cave_pods, nicolae_spider_circle_web, uniq_mlioglotl
Spider:4: grunt_spider_rune_circles, hangedman_spider_tarantella_strand
Slime:1:  layout_caves
Slime:2:  layout_caves
Slime:3:  layout_caves
Slime:4:  layout_caves
Slime:5:  slime_pit_nicolae_jellycorners
Orc:1:    layout_diamond_mine, serial_shops, shop, nicolae_orc_minecarts
Orc:2:    pf_orc_diabolical, layout_diamond_mine, gauntlet_entry_generic,
          gammafunk_ghost_grave, mines5_lemuel, uniq_saint_roka
Vaults:1: nicolae_vaults_shipping_containers_6,
          nicolae_vaults_storage_closets_2, nicolae_vaults_mini_display_case,
          vaults_room_grunt_arrival_ludios, hangedman_vaults_hat,
          ontoclasm_vaults_claustrophobia, nicolae_vaults_trapezoid_lopsided_1,
          ontoclasm_vaults_decontamination, layout_vaults_quadrants,
          serial_shops, nicolae_square_shop
Vaults:2: nicolae_vaults_storage_closets_3, vaults_room_pool,
          minmay_crypt_entry_simple_walls, v_misc_22,
          nicolae_vaults_wine_cellar, nicolae_vaults_tangram_1,
          ontoclasm_vaults_ring_small, nicolae_vaults_angled_halls,
          nicolae_vaults_more_shelving_1, ontoclasm_vaults_loading_screen,
          layout_vaults_ring
Vaults:3: ontoclasm_vaults_eye, ontoclasm_vaults_chip, grunt_vaults_diagonal,
          st_eye, hangedman_vaults_nails, vaults_room_fours, vaults_room_fours,
          nicolae_vaults_cochlea, nicolae_vaults_cornered_office,
          nicolae_vaults_double_plus_2, nicolae_vaults_tetromino_Z_2,
          layout_vaults_omnibox
Vaults:4: v_misc_29, v_alt_pattern_4, nicolae_vaults_gold_heap,
          nicolae_vaults_statue_guard, nicolae_vaults_double_plus_2, v_misc_8,
          nicolae_vaults_little_squares_5, vaults_mumra_hex,
          nicolae_vaults_what_the_h, v_misc_3, hangedman_vaults_locks,
          nicolae_vaults_more_shelving_2, nicolae_vaults_diamond_1,
          nicolae_vaults_double_plus_2, layout_vaults_big_room, serial_shops,
          shop, nicolae_shop_waterfront, shop, uniq_margery, uniq_zenata,
          uniq_xtahua, uniq_sojobo
Vaults:5
Depths:1: layout_basic, grunt_mini_vestibule, serial_shops,
          nicolae_shop_rolling_square, nicolae_shop_industrial_runoff, shop,
          shop, nicolae_shop_tiny_waterfront, minmay_misc_feat_encased,
          minmay_crystal_water, minmay_mirror_moons_of_madness
Depths:2: minmay_the_grid_ultimate [minmay_the_grid_prize_trominoes,
          minmay_the_grid_prize_four_corners_diamond_a,
          minmay_the_grid_prize_four_corners_diamond_b,
          minmay_the_grid_prize_big_room, minmay_the_grid_square_5x5_two,
          minmay_the_grid_square_5x5_comb, minmay_the_grid_square_5x5_fat_x,
          minmay_the_grid_square_5x5_checkered,
          minmay_the_grid_square_5x5_dogpile, minmay_the_grid_square_5x5_mess,
          minmay_the_grid_square_5x5_slash, minmay_the_grid_square_5x5_bite,
          minmay_the_grid_square_5x5_meh,
          minmay_the_grid_square_5x5_hollow_slash,
          minmay_the_grid_square_5x5_beaten_path,
          minmay_the_grid_square_5x5_tri_point,
          minmay_the_grid_square_5x5_spiral, minmay_the_grid_square_5x5_percent,
          minmay_the_grid_square_5x5_minimal,
          minmay_the_grid_triangle_9x9_skeleton,
          minmay_the_grid_triangle_9x9_shrine,
          minmay_the_grid_triangle_9x9_warning,
          minmay_the_grid_triangle_9x9_wacky_v,
          minmay_the_grid_triangle_9x9_intruding_spiral,
          minmay_the_grid_triangle_9x9_corruption,
          minmay_the_grid_triangle_9x9_swiss_cheese,
          minmay_the_grid_triangle_9x9_stretched_checkered,
          minmay_the_grid_triangle_9x9_dagger,
          minmay_the_grid_triangle_9x9_impossible_snake,
          minmay_the_grid_triangle_9x9_fully_insulated_deathbox,
          minmay_the_grid_triangle_9x9_tough_junction,
          minmay_the_grid_triangle_9x9_odd_lines,
          minmay_the_grid_triangle_9x9_sparse_checkered,
          minmay_the_grid_triangle_9x9_cache,
          minmay_the_grid_triangle_9x9_empty,
          minmay_the_grid_square_5x5_misaligned, minmay_the_grid_octo_horde,
          minmay_the_grid_octo_checkerflower, minmay_the_grid_octo_77,
          minmay_the_grid_octo_thin_diamonds,
          minmay_the_grid_octo_vomiting_pacman, minmay_the_grid_octo_pinwheel,
          minmay_the_grid_octo_clover, minmay_the_grid_octo_focus,
          minmay_the_grid_embedded, minmay_the_grid_slots,
          minmay_the_grid_rooms, minmay_the_grid_diamond_grid], hell_entry,
          pan_entry, uniq_norris
Depths:3: hangedman_arrow_trap, layout_basic, abyss_entry_flame_altar,
          hangedman_geh_valley, basic_altar, serial_sigils,
          serial_sigils_hangedman_scratch, serial_sigils_hangedman_gnaw,
          serial_sigils_hangedman_leer, serial_sigils_hangedman_stare,
          serial_sigils_hangedman_shear
Depths:4: evilmike_zot_entry_basic, layout_cave_pools, hell_entry,
          rand_demon_pan_entry_1
Zot:1:    kennysheep_bubbly, layout_onion_interference,
          regret_index_zotdec_storm_pass
Zot:2:    layout_cathedral_of_symmetry, st_single_dragon_hoard_1,
          regret_index_zotdec_bone_old
Zot:3:    layout_basic, uniq_josephina
Zot:4:    layout_onion, skrybe_zot_glass_1, regret_index_zotdec_iron_s,
          grunt_megastairs_4
Zot:5:    layout_cathedral_of_symmetry

Skill      XL: |  1  2  3  4  5  6  7  8  9 10 11 12 13 14 15 16 17 18 19 20 21 22 23 24 25 |
---------------+----------------------------------------------------------------------------+-----
Fighting       | 1 2 6 7 8 10 12 14 15 17 18 19 21 | 21.0
Ranged Weapons | 2 |  2.0
Unarmed Combat | 2 3 4 6 7 8 9 12 13 14 15 16 17 19 20 21 23 | 23.8
Throwing       | 1 2 5 7 |  7.0
Stealth        | 3 12 17 | 17.3
Evocations     | 4 5 |  5.0
Armour         | 5 10 15 16 20 | 20.0
Invocations    | 8 10 12 | 12.0
Dodging        | 5 12 14 15 17 | 17.0
Shields        | 6 13 15 20 | 20.0
Spellcasting   | |  1.0
Hexes          | |  2.6
Fire Magic     | |  0.8

Action                     |  1- 3 |  4- 6 |  7- 9 | 10-12 | 13-15 | 16-18 | 19-21 | 22-24 | 25-27 || total
---------------------------+-------+-------+-------+-------+-------+-------+-------+-------+-------++-------
  Melee: Unarmed           |       |    89 |   289 |   966 |  1566 |  1823 |  1809 |  2412 |   903 ||  9857
         Tailslap          |       |    16 |    61 |   171 |   322 |   401 |   475 |   653 |   260 ||  2359
         Punch             |       |     5 |    13 |    88 |     8 |       |       |       |       ||   114
   Fire: Sling             |   137 |    55 |       |       |       |       |       |       |       ||   192
  Throw: Dart              |       |    26 |    15 |    46 |    89 |    56 |     2 |       |       ||   234
         Stone             |       |       |     1 |     9 |     8 |       |       |       |       ||    18
         Boomerang         |       |       |       |       |    23 |    31 |     4 |    31 |    34 ||   123
         Throwing net      |       |       |       |       |       |     1 |       |       |       ||     1
         Javelin           |       |       |       |       |       |     3 |    14 |     6 |       ||    23
 Invoke: Vitalisation      |       |       |     1 |     1 |     1 |     1 |       |     1 |       ||     5
         Sanctuary         |       |       |       |       |     5 |     3 |     1 |     7 |     1 ||    17
         Recite            |       |       |       |       |     3 |       |       |       |       ||     3
  Evoke: Wand              |       |       |     6 |    44 |    13 |     9 |     1 |     2 |     5 ||    80
         Phantom mirror    |       |       |       |       |     2 |       |     1 |       |       ||     3
         Condenser vane    |       |       |       |       |       |     1 |     1 |       |     1 ||     3
         Phial of floods   |       |       |       |       |       |     1 |       |       |       ||     1
    Use: Potion            |     1 |     2 |     2 |     7 |    13 |     3 |     5 |     7 |     7 ||    47
         Scroll            |       |    14 |     4 |    12 |    15 |    13 |     4 |    17 |     7 ||    86
   Stab: Sleeping          |       |       |       |     4 |     1 |    17 |    32 |    30 |     9 ||    93
         Distracted        |       |       |       |     3 |     1 |     2 |     7 |    19 |       ||    32
         Confused          |       |       |       |       |     2 |       |       |       |       ||     2
         Invisible         |       |       |       |       |     1 |       |     1 |     4 |       ||     6
         Held in net/web   |       |       |       |       |       |     1 |       |       |       ||     1
         Paralysed         |       |       |       |       |       |     2 |       |       |       ||     2
 Armour: Robe              |    33 |       |       |       |       |       |       |       |       ||    33
         Leather armour    |     1 |    28 |       |       |       |       |       |       |       ||    29
         Ring mail         |       |    84 |   158 |       |   655 |   715 |  1005 |   981 |   430 ||  4028
         Swamp dragon scal |       |       |    65 |   831 |   634 |   341 |       |       |       ||  1871
  Dodge: Dodged            |    30 |    56 |   106 |   318 |   465 |   297 |   588 |   601 |   177 ||  2638
  Block: Buckler           |       |       |       |       |   229 |       |       |       |       ||   229
         Tower shield      |       |       |       |       |   708 |  2320 |  2337 |  2535 |   798 ||  8698
